 Dungeon Crawl Stone Soup version 0.25.1-2-g60ff931df9 (webtiles) character file.

Game seed: 6701876422170028055

18 H0rd4k the Insei (level 2, -1/18 HPs)
             Began as an Octopode Transmuter on Aug 24, 2020.
             Slain by a hobgoblin
             ... wielding a +0 club
              (7 damage)
             ... on level 1 of the Dungeon.
             The game lasted 00:00:24 (230 turns).

H0rd4k the Insei (Octopode Transmuter)               Turns: 230, Time: 00:00:25

Health: -1/18      AC:  1    Str:  9    XL:     2   Next: 70%
Magic:  5/5        EV: 13    Int: 15    God:
Gold:   17         SH:  0    Dex: 12    Spells: 4/5 levels left

rFire    . . .     SeeInvis .     - Unarmed
rCold    . . .     Gourm    .   (no shield)
rNeg     . . .     Faith    .   (helmet restricted)
rPois    .         Spirit   .   (no amulet)
rElec    .         Reflect  .   (no ring)
rCorr    .         Harm     .   (no ring)
MR       .....                  (no ring)
Stlth    ++........             (no ring)
HPRegen  0.06/turn              (no ring)
MPRegen  0.09/turn              (no ring)
                                (no ring)
                                (no ring)

@: no status effects
A: almost no armour, stealthy swim, amphibious, 8 rings, constrict 8, camouflage
1, gelatinous body 1
a: no special abilities


You were on level 1 of the Dungeon.
You were not hungry.

You visited 1 branch of the dungeon, and saw 1 of its levels.

You collected 17 gold pieces.

Inventory:

Hand Weapons
 g - a +2 hunting sling of freezing
Missiles
 a - 12 arrows
Jewellery
 b - a +6 ring of dexterity {unknown}
 e - an uncursed ring of wizardry {unknown}
Scrolls
 d - a scroll of remove curse {unknown}
 h - 2 scrolls of amnesia {unknown}
Comestibles
 c - a ration
 f - 5 chunks of flesh


   Skills:
 + Level 1.2 Fighting
 + Level 2.1 Dodging
 + Level 3.4 Unarmed Combat
 + Level 2.3 Spellcasting
 + Level 2.0 Transmutations


You had 4 spell levels left.
You knew the following spells:

 Your Spells              Type           Power        Failure   Level  Hunger
a - Beastly Appendage     Tmut           #.....       10%         1    #......

Your spell library contained the following spells:

 Spells                   Type           Power        Failure   Level  Hunger
 Sticks to Snakes         Tmut           #.......     14%         2    ###....
 Spider Form              Tmut/Pois      #.........   38%         3    ###....
 Ice Form                 Ice/Tmut       #.......     80%         4    #####..
 Blade Hands              Tmut           #.........   95%         5    ######.


Dungeon Overview and Level Annotations

Branches:
Dungeon (1/15)

Altars:


Innate Abilities, Weirdness & Mutations

You cannot wear most types of armour.
You are very stealthy in the water. (Stealth+)
You are amphibious.
You can wear up to eight rings at the same time.
You can use your tentacles to constrict eight enemies at once.
Your skin changes colour to match your surroundings (Stealth+).
Your rubbery body absorbs attacks. (AC +1, EV +1)


Message History

The jackal is almost dead.
You constrict the jackal.
You kill the jackal!
You closely miss the goblin. Your grab misses the goblin.
You tentacle-slap the goblin, but do no damage.
Your squeeze misses the goblin. The goblin misses you.
You closely miss the goblin. Your grab misses the goblin.
Your squeeze misses the goblin. The goblin barely misses you.
You barely miss the goblin. You grab the goblin.
You constrict the goblin, but do no damage.
The goblin hits you.
You tentacle-slap the goblin.
The goblin is severely wounded.
You constrict the goblin.
You kill the goblin!
You tentacle-slap the hobgoblin. You grab the hobgoblin.
The hobgoblin is severely wounded.
You constrict the hobgoblin, but do no damage.
The hobgoblin hits you with a +0 club!
You die...

..........#.............# #.#....
..#####.................###(.....
..# #...........#...............
..# #...........#.......r...###.
..####...........#............#
÷.............####....h.g........
.......###.#### #.#..g.####.....
)......###.#######r#.#### .....
###.............@gg.K.# .....
#..###############..# .....
##'##.............##+## ...
##..........⌠..........###
...⌠.................⌠...##
.......⌠.........⌠........##
...........................#
.⌠..........<...(......⌠...#
...........................#


You could see 2 hobgoblins, a kobold and a rat.

Vanquished Creatures
  2 leopard geckos (D:1)
  2 giant cockroaches (D:1)
  2 goblins (D:1)
  6 jackals (D:1)
  A bat (D:1)
  A rat (D:1)
14 creatures vanquished.

Notes
Turn   | Place    | Note
-------+----------+-------------------------------------------
     0 | D:1      | H0rd4k the Octopode Transmuter began the quest for the Orb.
     0 | D:1      | Reached XP level 1. HP: 13/13 MP: 3/3
   158 | D:1      | Reached XP level 2. HP: 18/18 MP: 5/5
   230 | D:1      | Slain by a hobgoblin

Illustrated notes

Levels and vault maps discovered:
D:1:      dpeg_arrival_water_temple_mockup, layout_basic, minmay_unequal

Action                   || total
-------------------------++-------
Melee: Unarmed           ||    32
       Constrict         ||    11
       Kick              ||     2
       Tentacles         ||     4
       Punch             ||     1
 Cast: Beastly Appendage ||     1
Armor: Skin              ||     4
Dodge: Dodged            ||    26
